[Event "CCT Airthings Masters Play-In 2023"]
[Site "Online"]
[Date "2023.02.03"]
[Round "4"]
[White "CheckBits"]
[Black "MikaelyanArman"]
[Result "0-1"]
[ECO "B22"]
[WhiteElo "2168"]
[BlackElo "2412"]
[Annotator "TA"]
[PlyCount "70"]
[EventDate "2023.02.03"]
[EventType "swiss"]
[EventCountry "NET"]
[SourceTitle "playchess.com"]
[Source "ChessBase"]
[SourceQuality "1"]
[TimeControl "600+2"]

1. e4 c5 2. c3 Nf6 3. e5 Nd5 4. Nf3 Nc6 5. Bc4 Nb6 6. Bb3 d5 7. exd6 Qxd6 8. a4 {[%emt 0:00:05] B22: Sicilian: 2 c3.} c4 9. Bc2 Bg4 10. O-O {[%emt 0:00:08] The position is equal.} Ne5 {[%emt 0:00:45] [#]} 11. a5 $146 ({Predecessor:} 11. Be4 f5 12. Bxb7 Rb8 13. Nxe5 Bxd1 14. Bc6+ Kd8 15. Nf7+ Kc7 16. Nxd6 exd6 17. Rxd1 Kxc6 {1-0 Kosteniuk,A (2471)-Sukandar,I (2413) Titled Tuesday intern op 01st Dec blitz 2020 (7)}) 11... Nbd7 (11... Qd5 {is more complex.} 12. d4 Bxf3 13. dxe5 Bxd1 14. Rxd1 Qxe5 15. axb6 f5) 12. a6 b5 {[%emt 0:01:10] Black is more active.} ({Better is} 12... Qd5 $17 13. d4 (13. axb7 Qxb7 14. d4 cxd3 $17) 13... Nxf3+ 14. gxf3 Bxf3) 13. Re1 (13. Be4 $1 $11 Rc8 14. d4 cxd3 15. Be3) 13... Bxf3 $17 14. gxf3 Nc5 {[%emt 0:00:18] ...Ned3 is the strong threat. A dynamic duo of knights.} 15. Na3 Rb8 {[%emt 0:00:33][%cal Ba8b8,Bb8b5,Bb5c5][%mdl 32] Strongly threatening ...Ncd3.} (15... Nxa6 $2 16. Nxb5 Qd5 17. Nd4 $18) 16. Re3 g6 (16... Nxa6 17. f4 Nd7 18. d3 $16) (16... Ned3 $17 17. Qf1 Nxc1 18. Rxc1 e6) 17. Nxb5 $2 Rxb5 $19 18. Ba4 Nxa4 19. Qxa4 Qd7 20. d4 (20. b3 {is a better defense.} cxb3 21. c4) 20... cxd3 21. c4 {[%emt 0:04:33] [#]} Rc5 {[%emt 0:00:03] Hoping for ...Qxa4.} (21... d2 22. Bxd2 Rc5 23. Bb4 Qxa4 24. Rxa4 Nxf3+ 25. Rxf3 Rxc4 26. Rb3 $11) 22. Qa3 e6 23. b4 Nxc4 24. Qc3 Rg5+ (24... Nxe3 $2 25. bxc5 Nc2 26. Qxh8 $19) 25. Kh1 {[%emt 0:00:08] [#]} Qc6 $2 26. Rxd3 $11 Rd5 27. Rxd5 Qxd5 28. Qxh8 {[%emt 0:00:03][%cal Oh1g2] Black must now prevent Kg2!} Qxf3+ $40 {[%emt 0:00:01][%mdl 128] Black is up to no good.} 29. Kg1 {[%emt 0:00:00] And now Qd4 would win.} Qg4+ 30. Kh1 Qe4+ 31. Kg1 Ne5 {[%emt 0:00:04] ( -> ...Nf3+)} 32. Bh6 (32. Qxh7 $2 Nf3+ 33. Kf1 Qc4+ 34. Kg2 Qd5 $19) 32... Nf3+ (32... Qxb4 $2 33. Qxf8+ (33. Bxf8 Qg4+ 34. Kh1 Qf3+ 35. Kg1 Qg4+ 36. Kh1 Qf3+ 37. Kg1 Qg4+ $11) 33... Qxf8 34. Bxf8 Kxf8 35. Rc1 $18) 33. Kh1 $2 (33. Kf1 Nxh2+ 34. Kg1 Nf3+ 35. Kf1 Qc4+ 36. Kg2 Qg4+ 37. Kf1 Qh3+ 38. Ke2 Qxh6) (33. Kg2 $11 Ng5+ 34. Kf1 Qc4+ 35. Ke1 Qe4+ 36. Kd1 Qd3+ 37. Kc1 Qc4+ 38. Kd2 (38. Kd1 Qg4+ 39. Kc2 Qc4+ 40. Kd1 Qg4+ 41. Kc2 Qe2+ 42. Kb3 Qd3+ 43. Ka4 Qxa6+ 44. Kb3 Qd3+ 45. Ka4 Qa6+ 46. Kb3 Qd3+ 47. Ka4 Qa6+ $11) 38... Qxb4+ 39. Kd1 Qg4+ 40. Kd2 Ne4+ 41. Ke3 Qh3+ 42. Kxe4 f5+ 43. Kf4 Qxh2+ 44. Kf3 Qxh6 45. Rb1) 33... Nh4+ {[%emt 0:00:02] Black mates.} 34. f3 Qxf3+ 35. Kg1 Qg2# {[%emt 0:00:00] Artfully played by MikaelyanArman.   Weighted Error Value: White=0.79/Black=0.42} 0-1

[Event "CCT Airthings Masters Play-In 2023"]
[Site "Online"]
[Date "2023.02.03"]
[Round "4"]
[White "DeviatkinAndrey"]
[Black "hissha"]
[Result "1/2-1/2"]
[ECO "D02"]
[WhiteElo "2052"]
[BlackElo "2277"]
[Annotator "TA"]
[PlyCount "91"]
[EventDate "2023.02.03"]
[EventType "swiss"]
[EventCountry "NET"]
[SourceTitle "playchess.com"]
[Source "ChessBase"]
[SourceQuality "1"]
[TimeControl "600+2"]

1. d4 Nf6 2. Nf3 d5 3. Bf4 e6 4. e3 Bd6 5. c3 Bxf4 6. exf4 {[%emt 0:00:01] D02: 1 d4 d5 2 Nf3 sidelines, including 2...Nf6 3 g3 and 2...Nf6 3 Bf4.} O-O 7. Bd3 b6 8. Nbd2 Ba6 9. Bxa6 Nxa6 10. Qe2 Nb8 11. Ne5 c5 12. O-O Qc7 {[%emt 0:01:04] [#]} 13. Rac1 $146 ({Predecessor:} 13. Ndf3 Nc6 14. Rad1 cxd4 15. Nxc6 Qxc6 16. Nxd4 Qc7 17. g3 a6 18. Rfe1 {1-0 Grachev,B (2619)-Matlakov,M (2688) EU-Cup Online Play-C rapid 2021 (4.2)}) 13... Nc6 14. a3 Rac8 15. Qe3 Qe7 (15... Ne7 $5 ) 16. Ndf3 Ne4 17. Nxc6 Rxc6 18. c4 Rfc8 19. cxd5 exd5 20. Rcd1 (20. dxc5 $11 Rxc5 21. Rcd1) 20... c4 $15 21. Ne5 {[%emt 0:00:43] [#]} R6c7 22. Rfe1 f6 ({Better is} 22... c3 $15 23. f3 Nd6 24. bxc3 Rxc3) 23. f3 $11 {[%emt 0:00:25] The position is equal.} fxe5 24. fxe4 exd4 25. Qxd4 dxe4 26. Rxe4 Qc5 27. Qxc5 Rxc5 {[%emt 0:00:03][%mdl 4096] Endgame KRR-KRR} 28. Rd7 {[%emt 0:00:01][%cal Oe4e7] [#] Ree7! is the strong threat.} R5c7 29. Ree7 Rxd7 30. Rxd7 {[%emt 0:00:01] KR-KR} a6 31. Ra7 a5 32. Rb7 c3 33. bxc3 Rxc3 34. Rxb6 Rxa3 35. Rb7 Ra2 36. Ra7 g6 37. h3 $1 h5 38. g4 hxg4 39. hxg4 Ra4 40. Kg2 Rxf4 41. Rxa5 Rxg4+ 42. Kf3 Rg1 43. Kf2 Rg4 44. Kf3 Rg1 45. Kf2 $1 Rg4 46. Kf3 {[%emt 0:00:03] Weighted Error Value: White=0.07 (flawless) /Black=0.05 (flawless)} 1/2-1/2

[Event "CCT Airthings Masters Play-In 2023"]
[Site "Online"]
[Date "2023.02.03"]
[Round "4"]
[White "Cueva Jumbo, Eduardo"]
[Black "Nakamura, Hikaru"]
[Result "0-1"]
[ECO "A07"]
[WhiteElo "1954"]
[BlackElo "2768"]
[Annotator "TA"]
[PlyCount "164"]
[EventDate "2023.02.03"]
[EventType "swiss"]
[EventCountry "NET"]
[SourceTitle "playchess.com"]
[Source "ChessBase"]
[SourceQuality "1"]
[TimeControl "600+2"]

1. Nf3 d5 2. g3 c5 3. Bg2 Nf6 4. O-O g6 5. c4 d4 6. b4 Bg7 7. Bb2 O-O 8. d3 Nc6 {[%emt 0:00:01] A07: Réti Opening: New York and Capablanca Systems.} 9. b5 Na5 {[%emt 0:00:05] [#]} 10. e3 $146 ({Predecessor:} 10. Nbd2 a6 11. a4 Bf5 12. Qc2 Qd6 13. Rfe1 e5 14. Nh4 Be6 15. e3 {1-0 Kruse,H (2512)-Markus,R (2231) FICGS W-ch qf1 email 2016 (7)}) 10... dxe3 {[%emt 0:00:12] The position is equal.} (10... Bg4 11. exd4 Nd7 12. h3 Bxf3 13. Qxf3 $14) 11. fxe3 Bf5 12. e4 $1 Bg4 13. e5 Nd7 {[%emt 0:00:34][%cal Od7e5] [#] ...Nxe5! would be deadly.} 14. Qe2 Qc7 (14... a6 $15) 15. Nbd2 $14 a6 16. a4 Rad8 17. Rfe1 e6 18. Bc3 b6 19. Qe3 (19. bxa6 $6 Nc6 $11) 19... Bxf3 20. Bxf3 axb5 {[%emt 0:00:13] Black is weak on the light squares} 21. axb5 Rfe8 22. Rab1 f5 23. Bg2 h6 24. h4 Re7 25. Nf3 Nb7 26. Ra1 Na5 27. Ra3 Nf8 28. Rb1 Nd7 29. Re1 (29. Rba1 $16) 29... Ree8 (29... Nf8 $1 $11 {keeps the balance.}) 30. Qe2 $16 Ra8 31. Kh2 Ra7 32. Rea1 Rd8 33. R1a2 Kh7 34. Ra4 Qb8 35. R2a3 Rf8 36. Kh1 Qc7 37. Kg1 Rfa8 38. Kh1 (38. Qb2 $16) 38... Nc6 39. Rxa7 $14 Rxa7 40. Rxa7 Nxa7 41. Bh3 Nc8 42. g4 Ne7 43. h5 Nf8 44. Nh4 f4 (44... Kg8 $11) 45. Qe4 Qa7 ({Black should play} 45... Kg8 $1 $14) 46. Qxf4 Qa3 47. Qd2 g5 (47... Kg8 $142 48. Kh2 Qb3) 48. Nf3 Nd7 49. Bg2 Qb3 50. Kh2 Qb1 51. Kh3 Kh8 52. d4 cxd4 (52... Qb3 53. Bf1 cxd4 54. Qxd4 Nc5) 53. Bxd4 (53. Qxd4 $142 Nc5 54. Qd8+ Ng8 55. Qxb6) 53... Qb3 $18 54. Qc3 Qa2 (54... Qxc3 {might work better.} 55. Bxc3 Nc8) 55. Qe3 $2 ({White should try} 55. Nd2 $18) 55... Qxc4 $15 56. Qe4 (56. Bxb6 $2 Nd5 57. Nd2 Nxe3 $19) 56... Nd5 57. Kh2 Qxb5 {[%emt 0:00:03] Black is more active.} ({Reject} 57... Qa2 $6 58. Kg3 $11) 58. Qg6 $2 (58. Qc2 $17 {is a better defense.}) 58... Nf8 $2 {[%emt 0:00:02] Excellent horsemanship.} (58... Qe2 $19 {and Black stays clearly on top. And now ...Nf4 would win.} 59. Qb1 Nf4) 59. Qf7 (59. Qe4 $17 {keeps fighting.}) 59... Nf4 $2 (59... Qe2 $19 {has better winning chances. Hoping for ...Nf4.} 60. Kg1 Qe4) 60. Bh1 $2 (60. Be3 $17 {was the crucial defense.}) 60... Qe2+ $19 61. Kg3 Qf1 62. Kh2 (62. Be3 $142 Qh3+ 63. Kf2 Nd3+ 64. Ke2) 62... Qh3+ 63. Kg1 Qxg4+ 64. Kf2 b5 65. Qe7 b4 {[%emt 0:00:01] ...Qf5 is the strong threat.} 66. Qe8 Qxh5 $2 (66... Nh3+ 67. Kf1 Qf5) 67. Qxh5 Nxh5 68. Ke3 Nf4 69. Nd2 Nd7 {[%emt 0:00:01] Against Bc5} 70. Nc4 b3 71. Bc6 Nd5+ 72. Ke4 {[%emt 0:00:04] [#]} N7b6 73. Nb2 $2 (73. Nxb6 $17 Nxb6 74. Kd3 (74. Bxb6 $2 {is the wrong capture.} b2 $19)) 73... g4 (73... Bf8 $142 74. Bxb6 Nxb6) 74. Bb5 $2 (74. Be8 {was forced.}) 74... h5 75. Be2 Kh7 76. Bd1 Kg6 77. Bxb3 h4 78. Bd1 $2 (78. Bxb6 Nxb6 79. Bxe6) 78... Kg5 79. Nd3 Nd7 $2 ({Better is} 79... h3 $19 {aiming for ...h2.} 80. Nf2 h2 81. Bxg4 h1=Q+ {[%mdl 64] Deflection} 82. Nxh1 Kxg4 83. Nf2+ Kg3) 80. Bb2 $2 ({Only move:} 80. Nf2 $1 $15) 80... h3 81. Bc1+ $2 (81. Nf2 Nc5+ 82. Kd4) 81... Kh4 82. Nf2 Nc3+ {[%emt 0:00:05] Weighted Error Value: White=0.52/Black=0.37} 0-1

[Event "CCT Airthings Masters Play-In 2023"]
[Site "Online"]
[Date "2023.02.03"]
[Round "4"]
[White "Chan, Chak Man"]
[Black "Jospem"]
[Result "0-1"]
[ECO "A47"]
[WhiteElo "1862"]
[BlackElo "2616"]
[Annotator "TA"]
[PlyCount "116"]
[EventDate "2023.02.03"]
[EventType "swiss"]
[EventCountry "NET"]
[SourceTitle "playchess.com"]
[Source "ChessBase"]
[SourceQuality "1"]
[TimeControl "600+2"]

1. d4 Nf6 2. Bf4 e6 3. e3 b6 4. Nf3 Bb7 5. Be2 Nh5 6. Bg5 {[%emt 0:00:05] A47: 1 d4 Nf6 2 Nf3 b6: Torre, London and Colle Systems.} Be7 7. Bxe7 Qxe7 8. O-O {[%emt 0:00:03] The position is equal.} O-O 9. c4 d6 10. Nc3 Nd7 11. Re1 Nhf6 12. Bd3 {[%emt 0:00:08] [#]} h6 $146 ({Predecessor:} 12... c5) 13. e4 e5 14. Nd5 Qd8 15. Bc2 Re8 16. Qd2 c6 17. Ne3 g6 {[%emt 0:00:12] Prevents Nf5} 18. Rad1 Qe7 19. h3 Rad8 20. d5 c5 21. a3 Rc8 22. b4 Rc7 23. Rb1 Ra8 24. Rec1 Bc8 25. Bd3 Nf8 26. Rb2 Kh7 27. Rcb1 Nh5 28. Bc2 Nf4 29. Ba4 {[%emt 0:00:05] Bc6 would be deadly.} Bd7 {[%emt 0:00:05] Wards off Bc6} 30. Bxd7 Nxd7 31. Kh2 Nf6 (31... cxb4 $11 {should be considered.} 32. axb4 Rac8) 32. Qc2 $14 Qd7 33. Ng1 Rac8 34. g3 N4h5 35. b5 Kg7 36. a4 Nh7 ({Black should play} 36... Qd8) 37. Nf3 (37. a5 $142) 37... N5f6 {[%emt 0:00:05] [#]} 38. a5 $1 Ng5 39. Nxg5 hxg5 40. g4 ({Reject} 40. axb6 axb6 41. f3 Rh8 $11) 40... Rh8 {[%emt 0:00:06][%cal Bc8h8,Bh8h4,Bh4h3,Bh3f3][%mdl 32] [#]} 41. Kg2 $1 bxa5 42. Ra1 Rh4 43. Rxa5 $2 {[%emt 0:00:04] [#] This move loses the game for White.} (43. Qc1 $14 {keeps the upper hand.} Kg8 44. Nf5) 43... Nh5 $1 $19 {[%emt 0:00:01][%cal Bf6h5,Bh5f4,Bf4g2][%mdl 608] Back Rank} 44. Kf1 Nf4 45. Ke1 Rxh3 ({Stronger than} 45... Nxh3 46. Qd1 $17) 46. Kd2 Rf3 47. Kc3 $2 (47. Ke1) 47... Qxg4 {[%emt 0:00:07] Strongly threatening ...Nh3.} 48. Rba2 Ng2 49. Rxa7 Rxa7 50. Rxa7 Nxe3 51. fxe3 Rxe3+ {[%emt 0:00:01] KQR-KQR} 52. Kb2 Re2 53. b6 Rxc2+ 54. Kxc2 Qc8 55. Ra5 g4 {[%emt 0:00:03] ( -> ...Qb7)} 56. Kd2 g3 (56... Qd8 $142 57. Rb5 g3 58. Rb1 Qa8 59. Rg1 Qa3 60. Rf1 g2 61. Rd1 Qf3 62. Rb1 Qf2+ 63. Kc3 g1=R 64. Rxg1 Qxg1 65. Kc2 Qg2+ 66. Kb1 Qxe4+ 67. Kc1 Qxc4+ 68. Kb2 Qb4+ 69. Kc2 e4 70. b7 Qxb7 71. Kc1 Qb3 72. Kd2 Qb2+ 73. Kd1 e3 74. Ke1 Qf2+ 75. Kd1 Qd2#) 57. Ke3 Qg4 58. b7 g2 {[%emt 0:00:01] Weighted Error Value: White=0.65/Black=0.21 (precise)} 0-1

[Event "CCT Airthings Masters Play-In 2023"]
[Site "Online"]
[Date "2023.02.03"]
[Round "5"]
[White "VladimirKramnik"]
[Black "FabianoCaruana"]
[Result "1/2-1/2"]
[ECO "A30"]
[WhiteElo "2812"]
[BlackElo "2749"]
[Annotator "TA"]
[PlyCount "98"]
[EventDate "2023.02.03"]
[EventType "swiss"]
[EventCountry "NET"]
[SourceTitle "playchess.com"]
[Source "ChessBase"]
[SourceQuality "1"]
[TimeControl "600+2"]

1. Nf3 Nf6 2. c4 c5 3. g3 Nc6 4. Bg2 d5 5. cxd5 Nxd5 6. d4 cxd4 {[%emt 0:00:04] A30: Symmetrical English: Double Fianchetto and Hedgehog.} 7. Nxd4 Ndb4 8. a3 Qxd4 9. axb4 {[%emt 0:00:01] Threatens to win with Bxc6+.} Qxd1+ 10. Kxd1 {[%emt 0:00:02] [#]} e5 $146 ({Predecessor:} 10... Nxb4 11. Nc3 Bf5 12. Bxb7 Rd8+ 13. Bd2 e6 14. Kc1 Bc5 15. Ra4 O-O 16. Be3 Be7 17. Rxa7 {1-0 Van Foreest,J (2678)-Dominguez Perez,L (2754) Zagreb SuperUnited Rapid 2022 (2)}) 11. b5 Nd4 12. Be3 Bc5 13. Nd2 O-O 14. Ne4 Bb6 15. Bxd4 Rd8 {[%emt 0:00:08][%mdl 64] [#] Pin} 16. Kc2 exd4 17. Kd2 Be6 18. Rhc1 Rd5 {[%emt 0:00:15] Inhibits Nc5.} 19. b4 Rxb5 20. Nc5 Rxb4 {[%emt 0:02:34] White must now prevent ...Rb2+.} 21. Nxe6 {[%emt 0:00:01] Hoping for Nc7.} fxe6 22. Bxb7 Rf8 23. Rc8 {[%emt 0:00:20] [#]} d3 $1 {[%emt 0:00:41] Strongly threatening ...Bd4.} 24. Rxf8+ Kxf8 25. Kxd3 Bxf2 $15 {[%emt 0:00:02][%mdl 4096] Endgame KRB-KRB} 26. Ba6 {[%emt 0:00:33] Rf1 would be deadly.} Ke7 27. Bc4 Bb6 28. Kc3 a5 29. Ra3 Rb1 30. Rb3 Rc1+ 31. Kd3 Rd1+ 32. Kc2 Rd6 33. Rd3 Rc6 34. Kb3 Rc5 35. Rc3 Rh5 36. h4 Bd4 37. Rd3 Bc5 38. Ka4 Bf2 39. Rf3 Bd4 40. Rf4 Be5 41. Rg4 Rf5 (41... Kf7 $17 42. Kb3 g6) 42. Bd3 $11 Rf1 43. Kxa5 g6 44. h5 $1 {[%emt 0:00:04] The position is equal.} gxh5 45. Rg5 Bc7+ 46. Kb5 Rg1 47. Rxh5 Rxg3 48. Kc6 Bf4 49. Rxh7+ Kf6 {[%emt 0:00:01] Weighted Error Value: White=0.06 (flawless) /Black=0.07 (flawless)} 1/2-1/2

[Event "CCT Airthings Masters Play-In 2023"]
[Site "Online"]
[Date "2023.02.03"]
[Round "5"]
[White "Nepomniachtchi, Ian"]
[Black "VincentKeymer"]
[Result "1-0"]
[ECO "C86"]
[WhiteElo "2793"]
[BlackElo "2658"]
[Annotator "TA"]
[PlyCount "77"]
[EventDate "2023.02.03"]
[EventType "swiss"]
[EventCountry "NET"]
[SourceTitle "playchess.com"]
[Source "ChessBase"]
[SourceQuality "1"]
[TimeControl "600+2"]

1. e4 e5 2. Nf3 Nc6 3. Bb5 a6 4. Ba4 Nf6 5. O-O Be7 6. Qe2 b5 7. Bb3 d6 8. a4 Bg4 9. c3 O-O 10. h3 Bh5 11. d3 {[%emt 0:00:18] C86: Closed Ruy Lopez: Worrall Attack.} b4 12. a5 Rb8 {[%emt 0:00:45] [#] And now ...bxc3 would win.} 13. Bc4 $146 {[%emt 0:00:03] The position is equal.} ({Predecessor:} 13. Nbd2 bxc3 14. bxc3 Qc8 15. Rd1 Rd8 16. Bc2 d5 17. Nf1 d4 18. g4 Nxg4 19. Ng3 Nxf2 20. Qxf2 Bxf3 21. Qxf3 Qxh3 {1-0 Benet Morant,D (1974)-Bru Rullo,L (2122) Tarragona Calbet Memorial 2013 (3)}) 13... bxc3 14. bxc3 Nxa5 {[%emt 0:00:03][%mdl 64] [#] Deflection} 15. Rxa5 {[%emt 0:00:14] Threatens to win with Nbd2.} Rxb1 16. g4 Bg6 17. Qa2 Rb8 18. Rxa6 Qc8 19. Bg5 c6 (19... h6 $11 20. Bxf6 Bxf6) 20. Ra7 (20. Qa4 $16) 20... Rb7 21. Rxb7 Qxb7 22. Rb1 Qc7 23. Qa6 {[%emt 0:00:44] Hoping for Rb7.} d5 24. Rb7 Qd8 ({Better is} 24... Qd6 $11 25. exd5 e4 26. dxe4 Bxe4) 25. Nxe5 $16 dxc4 26. Nxc6 {[%emt 0:00:03] White is much more active.} Qxd3 {[%emt 0:00:03] ( -> ...Qd1+)} 27. Nxe7+ Kh8 {[%emt 0:00:00] Black is weak on the dark squares} 28. Nxg6+ hxg6 29. Bxf6 $40 {[%emt 0:00:03][%mdl 128] White attacks with force.} Qxh3 30. Be5 (30. Qd6 $142 Qxg4+ 31. Kh2) 30... Rd8 {[%emt 0:00:02][%cal Rd8d1] [#]} 31. Rb1 {[%emt 0:00:18] Against Rd1+} (31. Rxf7 $2 Rd1#) 31... Qxg4+ 32. Bg3 Qxe4 33. Qb6 Rd3 34. Kh2 ({White should try} 34. Ra1 $14) 34... g5 (34... Rd5 $1 $11 {remains equal.} 35. Kg1 Rh5) 35. Qb8+ Kh7 36. Qe5 {[%emt 0:00:00] Prevents Rd5.} Qg6 (36... Qf3 $14) 37. Rh1 $18 {[%emt 0:00:09] Kg2+ would kill now.} f6 $2 (37... Rd8 $18 38. Qc7 Re8 39. Kg2+ Kg8 40. Qxc4 Qf5) 38. Kg2+ Kg8 39. Qe6+ {[%emt 0:00:01] Weighted Error Value: White=0.17 (very precise) /Black=0.53} 1-0

[Event "CCT Airthings Masters Play-In 2023"]
[Site "Online"]
[Date "2023.02.03"]
[Round "5"]
[White "Firouzja, Alireza"]
[Black "xxysoul6"]
[Result "1-0"]
[ECO "C02"]
[WhiteElo "2785"]
[BlackElo "2705"]
[Annotator "TA"]
[PlyCount "81"]
[EventDate "2023.02.03"]
[EventType "swiss"]
[EventCountry "NET"]
[SourceTitle "playchess.com"]
[Source "ChessBase"]
[SourceQuality "1"]
[TimeControl "600+2"]

1. e4 e6 2. d4 d5 3. e5 c5 4. c3 Nc6 5. Nf3 Bd7 6. Be2 Nge7 7. Na3 Ng6 8. h4 {[%emt 0:00:34][%cal Bh2h4,Bh4h5,Bh5h6][%mdl 32] C02: French: Advance Variation.} cxd4 9. cxd4 Bb4+ 10. Kf1 {[%emt 0:00:03] Threatening h5. White is slightly better.} f6 (10... Be7 $11) 11. h5 $16 Ngxe5 12. dxe5 fxe5 13. h6 g6 14. Bg5 {[%emt 0:03:04] [#]} (14. Nc2 $16 {And now Nxb4 would win.} Bd6 15. Bg5) 14... Qb8 $146 {[%emt 0:00:40] This move loses the game for Black.} (14... Be7 $14 15. Bxe7 Qxe7) ({Predecessor:} 14... Be7 15. Bxe7 Qxe7 16. Bb5 Qf6 17. Qd2 O-O 18. Qg5 e4 19. Qxf6 Rxf6 20. Bxc6 Bxc6 {1-0 Webb,L (2293)-Redmond,J (2196) BCF-chT1b 0910 (4NCL) 2009 (6.5)}) 15. Nc2 $18 {[%emt 0:01:00] Threatens to win with Nxb4.} Bd6 16. Nh2 O-O 17. Ng4 Bc5 (17... Be7 $142) 18. Nf6+ Rxf6 19. Bxf6 e4 20. Qd2 {[%emt 0:00:30] Against Qf4} Qd6 21. Bh4 Rf8 22. Kg1 d4 23. Rd1 (23. Bg3 Qe7 24. Bb5 d3 $18) (23. b4 $142 Bb6 24. Bg3) 23... d3 {[%emt 0:00:57] [#]} 24. Bxd3 exd3 25. Qxd3 Qf4 26. Qd2 {[%emt 0:00:02] Hoping for Qxf4.} ({Worse is} 26. Qxd7 Bxf2+ 27. Bxf2 Qxf2+ 28. Kh2 Qh4+ 29. Kg1 Qf2+ 30. Kh2 Qh4+ 31. Kg1 Qf2+ $11) 26... Qf7 (26... Be8 27. Qxf4 Rxf4) 27. Qxd7 (27. Rh3 $142 Bc8 28. b4) 27... Bxf2+ 28. Kh2 (28. Bxf2 Qxf2+ 29. Kh2 Qh4+ 30. Kg1 Qf2+ 31. Kh2 Qh4+ 32. Kg1 Qf2+ $11) 28... Bxh4 {[%emt 0:00:20] [#]} 29. Rhf1 {[%emt 0:00:06][%mdl 512] Dodges Qf4+} Bf6 30. Ne3 Ne5 31. Qxf7+ Rxf7 32. Rc1 {[%emt 0:00:21] Strongly threatening Rc8+.} Nc6 33. Ng4 $36 {[%emt 0:00:02][%mdl 2048] Keeping Black busy.} Bg5 (33... Bxb2 $2 34. Rxf7 Kxf7 35. Rf1+ Ke8 36. Rb1 $18) (33... Bd4 $142 34. Rxf7 Kxf7) 34. Rcd1 Rf5 35. Rfe1 e5 36. g3 Be7 $2 (36... Kf8 {might work better.} 37. Rd7 Rf7 38. Rxf7+ (38. Nxe5 Nxe5 {[%mdl 64] Remove Defender} 39. Rxe5 Rxd7 $15) 38... Kxf7 39. Nxe5+ Nxe5 40. Rxe5 Be7) 37. Rd7 Rg5 38. Nf2 Kf7 (38... Rf5 $142) 39. Rxb7 {[%emt 0:00:02] White is clearly winning.} Ke6 40. Kg2 Rh5 41. Rh1 {[%emt 0:00:04] Weighted Error Value: White=0.31/Black=0.53} 1-0

[Event "CCT Airthings Masters Play-In 2023"]
[Site "Online"]
[Date "2023.02.03"]
[Round "5"]
[White "GMSrinath"]
[Black "igorkovalenko"]
[Result "0-1"]
[ECO "D02"]
[WhiteElo "2776"]
[BlackElo "2603"]
[Annotator "TA"]
[PlyCount "94"]
[EventDate "2023.02.03"]
[EventType "swiss"]
[EventCountry "NET"]
[SourceTitle "playchess.com"]
[Source "ChessBase"]
[SourceQuality "1"]
[TimeControl "600+2"]

1. Nf3 d5 2. d4 Nf6 3. Bf4 e6 4. e3 Bd6 5. Ne5 c5 6. Nd2 O-O 7. c3 {[%emt 0:00:17] D02: 1 d4 d5 2 Nf3 sidelines, including 2...Nf6 3 g3 and 2...Nf6 3 Bf4.} Nc6 {[%emt 0:00:50] 7...Qc7 is the modern continuation.} 8. Bd3 Qc7 9. Ndf3 {[%emt 0:00:02] The position is equal.} h6 10. h3 Nd7 11. Nxd7 Bxd7 12. Bxd6 Qxd6 13. O-O Rad8 {[%emt 0:00:20] [#]} 14. dxc5 $146 ({Predecessor:} 14. Bb5 Nxd4 15. Nxd4 cxd4 16. Bxd7 Rxd7 17. Qxd4 b6 18. Rfd1 Rc8 19. Qg4 Rc4 20. Rd4 Rdc7 21. Rad1 Qe5 22. Rxc4 Rxc4 23. Rd4 Qf5 {½-½ Grabinsky,A (2417)-Tang,A (2531) Charlotte op 2023 (3)}) 14... Qxc5 15. Qc2 e5 16. Bh7+ Kh8 17. Bf5 e4 18. Bxd7 Rxd7 19. Nd2 f5 20. Rad1 Ne5 21. Nb3 Qb6 22. Rd4 Qg6 {[%emt 0:00:12] Black is much more active.} 23. Kh1 Nd3 {[%emt 0:00:18] Dodges Nc5} ({Black should play} 23... f4 $17 {...f3 would be deadly.} 24. exf4 Rxf4) 24. Nc1 $11 Ne5 25. Rfd1 Qf7 26. Ne2 Rfd8 27. R4d2 g5 28. b3 b5 (28... f4 {is more complex.} 29. c4 f3 30. Ng3 fxg2+ 31. Kxg2 Nd3) 29. Qb2 Kh7 30. Nd4 a6 31. Qa3 (31. f4 $15 {feels stronger.} exf3 32. Qc2) 31... Qf6 $17 32. Qc5 {[%emt 0:00:05] [#]} ({White should try} 32. f4 Nd3 33. Rxd3 exd3 34. fxg5 hxg5 35. Qb2) 32... f4 (32... g4 $142 $1 33. g3 gxh3) 33. Kg1 (33. Nc2 $17) 33... Kg6 (33... fxe3 $19 34. fxe3 Rf7) 34. a4 {[%emt 0:00:18] [#]} (34. a3 $15) 34... bxa4 $1 35. bxa4 Nc4 $36 {[%emt 0:00:17][%mdl 2048] Keeping White busy.} 36. Nc6 $2 {[%emt 0:00:51][%mdl 8192] This move loses the game for White.} Rc7 $19 37. Qxc4 (37. Rxd5 $142 Rxc6 38. Qb4 Rxd5 39. Rxd5) 37... dxc4 38. Nxd8 Qxc3 ({And not} 38... fxe3 39. Rd6 $17) 39. Rd6+ Kh7 40. Ne6 Rf7 41. Nd8 Re7 42. Nc6 Rc7 43. exf4 gxf4 44. Nd4 Rf7 {[%emt 0:00:07] Strongly threatening ...Qb2.} 45. Ne6 e3 {[%emt 0:00:11] White must now prevent ...e2.} 46. Rd7 Rxd7 47. Rxd7+ Kg8 {[%emt 0:00:01] Weighted Error Value: White=0.78/Black=0.10 (very precise)} 0-1